 Dungeon Crawl Stone Soup version 0.24-a0-272-g1411513 (webtiles) character file.

Game seed: 12202618517808858511

1430 Coldstonesans the Slinger (level 9, -6/58 HPs)
             Began as a Halfling Hunter on Apr 25, 2019.
             Was an Initiate of Cheibriados.
             Mangled by a troll (7 damage)
             ... on level 6 of the Dungeon.
             The game lasted 00:14:58 (5392 turns).

Coldstonesans the Slinger (Halfling Hunter)         Turns: 5392, Time: 00:14:59

Health: -6/58      AC:  3    Str: 17      XL:     9   Next: 3%
Magic:  8/9        EV: 17    Int: 10      God:    Cheibriados [......]
Gold:   250        SH:  0    Dex: 18 (19) Spells: 8/8 levels left

rFire    . . .     SeeInvis .   o - +1 spear (venom)
rCold    . . .     Gourm    .   (shield restricted)
rNeg     + . .     Faith    .   c - +0 leather armour
rPois    .         Spirit   .   (no helmet)
rElec    .         Reflect  .   (no cloak)
rCorr    .         Harm     .   (no gloves)
MR       .....                  (no boots)
Stlth    ++........             (no amulet)
HPRegen  0.19/turn              k - ring of positive energy
MPRegen  0.11/turn              q - +3 ring of strength

@: about to teleport, very slow
A: small, mutation resistance 1
a: Bend Time, Renounce Religion


You were on level 6 of the Dungeon.
You worshipped Cheibriados.
Cheibriados was noncommittal.
You were not hungry.

You visited 2 branches of the dungeon, and saw 7 of its levels.

You collected 250 gold pieces.

Inventory:

Hand Weapons
 a - a +1 hunting sling
 b - a +0 short sword
 o - a +1 spear of venom (weapon)
 B - a +2 hunting sling of flaming
Missiles
 d - 28 sling bullets
 g - 129 stones (quivered)
Armour
 c - a +0 leather armour (worn)
Magical Staves
 i - an uncursed staff of fire
Jewellery
 h - an uncursed ring of flight
 k - a ring of positive energy (left hand)
 q - a +3 ring of strength (right hand)
 A - an uncursed ring of positive energy
Scrolls
 e - 2 scrolls of amnesia
 l - 4 scrolls of enchant armour
 n - 2 scrolls of random uselessness
 p - 4 scrolls of magic mapping
 r - a scroll of identify
 u - a scroll of remove curse
 x - 3 scrolls of teleportation
 z - a scroll of noise
Potions
 j - a potion of berserk rage {unknown}
 s - a potion of curing
 t - a potion of agility {unknown}
Comestibles
 f - 9 rations


   Skills:
 + Level 4.0 Fighting
 + Level 4.9 Short Blades
 * Level 10.5 Slings
 + Level 4.3 Armour
 * Level 5.0 Dodging
 - Level 1.1 Stealth
 + Level 0.0 Invocations


You had 8 spell levels left.
You didn't know any spells.
Your spell library contained the following spells:

 Spells                   Type           Power        Failure   Level  Hunger
 Confusing Touch          Hex            #.....       41%         1    ##.....
 Confuse                  Hex            #.......     80%         3    ####...
 Gell's Gravitas          Tloc           #.........   80%         3    ####...
 Petrify                  Tmut/Erth      #.......     99%         4    #####..
 Metabolic Englaciation   Hex/Ice        #.........   100%        5    ######.
 Yara's Violent Unravell  Hex/Tmut       #.........   100%        5    ######.


Dungeon Overview and Level Annotations

Branches:
Dungeon (6/15)             Temple (1/1) D:6

Altars:
Ashenzari
Cheibriados
Dithmenos
Fedhas
Gozag
Hepliaklqana
Makhleb
Nemelex Xobeh
Okawaru
Qazlal
Sif Muna
Trog
Uskayaw
Vehumet
Wu Jian
Yredelemnul
The Shining One

Annotations:
D:3 1 runed translucent door, xfalz's ghost, weakling DrVM
D:6 4 runed translucent doors


Innate Abilities, Weirdness & Mutations

You are small and have problems with some larger weapons.
You are somewhat resistant to further mutation.


Message History

* * * LOW HITPOINT WARNING * * *
The troll barely misses you. The troll claws you.
* * * LOW HITPOINT WARNING * * *
The troll completely misses you. The troll bites you.
* * * LOW HITPOINT WARNING * * *
The troll barely misses you. The troll misses you. The troll bites you.
* * * LOW HITPOINT WARNING * * *
The troll misses you. x2
There is an open door here.
The troll completely misses you. The troll claws you!
* * * LOW HITPOINT WARNING * * *
The troll completely misses you.
As you read the scroll of teleportation, it crumbles to dust.
You feel strangely unstable. The troll completely misses you.
The troll claws you.
* * * LOW HITPOINT WARNING * * *
The troll claws you!
You die...

###.....## #8....8#.###..... #
#####..# #?....|#.# #..... #
#..##### #|....?#.######## #
#.##.(( #8....8#..#######
#.#..#######8..8##.........
#.#.##.#.'.##++##..##.#..<#
#.#.#.#..#.........##.#.... #
#.#.####.#T####...........# #
#.##....##@# #....##.##### ##
#..######..# #######...... .#
####..........#####....#######
.###.....#####.......#.8⌠.###
..#####.#.###....###.#......#
#.#####..........###.#.8⌠.>.#
#..#....##........##........#
##.#.##.##.###.##.##...8⌠.###
##...##...................#


You could see a troll.

Vanquished Creatures
  Pikel (D:5)
  A steam dragon (D:5)
  Edmund (D:5)
  A slave (D:5)
  An ogre (D:4)
  A centaur (D:6)
  A bullfrog (D:6)
  A scorpion (D:6)
  A centaur zombie (D:6)
  4 orc wizards (D:6)
  A hound (D:6)
  2 jellies
  A bullfrog skeleton (D:6)
  2 worker ants
  6 adders
  A gnoll (D:5)
  A shadow imp (D:5)
  5 worms
  4 leopard geckos
  7 orcs
  4 bats
  3 giant cockroaches
  7 goblins
  13 hobgoblins
  5 kobolds
  4 quokkas
  3 frilled lizards
  A quokka zombie (D:6)
  8 rats
91 creatures vanquished.

Vanquished Creatures (others)
  A slave (D:5)
  A centaur (D:5)
  A giant cockroach (D:5)
  A quokka (D:5)
  4 fungi (D:5)
8 creatures vanquished.

Grand Total: 99 creatures vanquished

Notes
Turn   | Place    | Note
-------+----------+-------------------------------------------
     0 | D:1      | Coldstonesans the Halfling Hunter began the quest for the
                  | Orb.
     0 | D:1      | Reached XP level 1. HP: 14/14 MP: 1/1
    53 | D:1      | Reached skill level 6 in Slings
   165 | D:1      | Reached XP level 2. HP: 11/19 MP: 2/2
   848 | D:2      | Reached skill level 1 in Short Blades
   848 | D:2      | Reached XP level 3. HP: 19/24 MP: 3/3
   982 | D:2      | Reached skill level 1 in Armour
  1035 | D:2      | Noticed a moth of wrath
  1038 | D:2      | Found a bloodstained altar of Trog.
  1058 | D:2      | Reached XP level 4. HP: 29/29 MP: 4/4
  1302 | D:2      | Found a stormy altar of Qazlal.
  1384 | D:2      | Reached skill level 7 in Slings
  1672 | D:3      | Found a runed translucent door.
  1672 | D:3      | Noticed xfalz's ghost (weakling DrVM)
  1717 | D:3      | Reached XP level 5. HP: 27/34 MP: 5/5
  1763 | D:3      | Found an opulent altar of Gozag.
  2542 | D:4      | Found a shadowy altar of Dithmenos.
  2625 | D:4      | Found a deep blue altar of Sif Muna.
  2824 | D:4      | Noticed an ogre
  2832 | D:4      | Killed an ogre
  2832 | D:4      | Reached XP level 6. HP: 41/41 MP: 6/6
  2894 | D:5      | Entered Level 5 of the Dungeon
  3214 | D:5      | Noticed a slave
  3215 | D:5      | Noticed Pikel
  3218 | D:5      | Noticed a slave
  3220 | D:5      | Killed a slave
  3221 | D:5      | Noticed a slave
  3224 | D:5      | Noticed a slave
  3230 | D:5      | HP: 2/41 [Pikel/+2 whip of electrocution (7)]
  3244 | D:5      | Killed Pikel
  3244 | D:5      | Reached skill level 9 in Slings
  3244 | D:5      | Reached XP level 7. HP: 4/46 MP: 7/7
  3560 | D:5      | Noticed a steam dragon
  3572 | D:5      | Killed a steam dragon
  3572 | D:5      | Reached XP level 8. HP: 37/52 MP: 8/8
  3797 | D:5      | Noticed Edmund
  3878 | D:5      | Killed Edmund
  4221 | D:5      | Found an iron altar of Okawaru.
  4449 | D:6      | Reached skill level 10 in Slings
  4634 | D:6      | Found a large runed translucent door.
  4634 | D:6      | Found a large runed translucent door.
  4809 | D:6      | Found a staircase to the Ecumenical Temple.
  4895 | D:6      | Found a large runed translucent door.
  4895 | D:6      | Found a large runed translucent door.
  4904 | D:6      | Noticed a hippogriff
  5027 | D:6      | Reached skill level 5 in Dodging
  5028 | D:6      | Reached XP level 9. HP: 58/58 MP: 9/9
  5055 | D:6      | Noticed a troll
  5083 | Temple   | Entered the Ecumenical Temple
  5320 | Temple   | Became a worshipper of Cheibriados the Contemplative
  5391 | D:6      | HP: 2/58 [troll (7)]
  5392 | D:6      | Mangled by a troll

Levels and vault maps discovered:
D:1:      lemuel_arrival_muddy, layout_loops_ring, nrook_mini_vaults
D:2:      layout_loops_ring, overflow_temple_1_default, tgw_trog, first_ration
D:3:      layout_basic, grunt_gozag_breadcrumbs, hellmonk_ghost_happy_afterlife
D:4:      layout_basic, lemuel_round_altar, nicolae_overflow_hidden_temple
D:5:      kennysheep_steamy, layout_basic, okawaru_altar_gauntlet_db,
          kennysheep_boxes, uniq_edmund, uniq_pikel
D:6:      layout_loops_cross, xom_teletrap_fun,
          minmay_temple_entry_drinking_statues, nicolae_benzene_ring,
          minmay_hollow_rounded_squares, uniq_prince_ribbit1
Temple:   minmay_temple_curvy_loop

Skill      XL: |  1  2  3  4  5  6  7  8 |
---------------+-------------------------+-----
Slings         | 6 7 9 10 | 10.5
Fighting       | 2 3 4 |  4.0
Short Blades   | 1 2 3 4 |  4.9
Armour         | 1 2 3 4 |  4.3
Dodging        | 3 4 5 |  5.0
Stealth        | |  1.1

Action                   |  1- 3 |  4- 6 |  7- 9 || total
-------------------------+-------+-------+-------++-------
Melee: Spear             |       |    97 |    24 ||   121
 Fire: Hunting sling     |    66 |    27 |    98 ||   191
Invok: Bend Time         |       |       |     1 ||     1
  Use: Scroll            |       |     8 |    12 ||    20
       Potion            |       |     1 |     6 ||     7
 Stab: Sleeping          |       |     6 |       ||     6
       Distracted        |       |     1 |       ||     1
       Invisible         |       |       |     1 ||     1
  Eat: Chunk             |       |     3 |     2 ||     5
       Ration            |       |     1 |     2 ||     3
Armor: Leather armour    |     2 |     7 |     4 ||    13
Dodge: Dodged            |     7 |    62 |    44 ||   113

Table legend:
 A = Non-vault XP
 B = Vault XP
 C = Vault XP percentage of total XP
 D = Non-vault monster count
 E = Vault monster count
 F = Vault count percentage of total count
                 A         B        C        D         E       F
            +---------+---------+-------+---------+---------+-------
      Total |     932 |    1111 |  54.4 |      73 |      18 |  19.8
            +---------+---------+-------+---------+---------+-------
        D:1 |      20 |       0 |   0.0 |      10 |       0 |   0.0
        D:2 |      79 |      17 |  17.7 |      20 |       5 |  20.0
        D:3 |      53 |       0 |   0.0 |      19 |       0 |   0.0
        D:4 |     197 |       0 |   0.0 |       7 |       0 |   0.0
        D:5 |      35 |    1012 |  96.7 |       6 |       9 |  60.0
        D:6 |     548 |      82 |  13.0 |      11 |       4 |  26.7
            +---------+---------+-------+---------+---------+-------
